BLB
WASHINGTON BATS @ BATAVIA MUCKDOGS
09/08/2059
 
TOP OF THE 1ST
Washington Bats batting - Pitching for Batavia Muckdogs : RHP Stephen Reece
Pitching: RHP Stephen Reece
Batting: RHB Julian Ludin 0-0: Called Strike
0-1: Called Strike
0-2: Strikes out swinging
Batting: LHB Joel Bell 0-0: SINGLE (Groundball, 34D, EV 107.5 MPH)
Batting: RHB Hayden Jones 0-0: Foul Ball, location: 2F
0-1: Swinging Strike
0-2: Grounds into double play, 6-4-3 (Groundball, 6, EV 92.5 MPH)
Top of the 1st over - 0 runs, 1 hit, 0 errors, 0 left on base; Washington 0 - Batavia 0
BOTTOM OF THE 1ST
Batavia Muckdogs batting - Pitching for Washington Bats : RHP J.P. Lovins
Pitching: RHP J.P. Lovins
Batting: LHB Stefan Ciolino 0-0: Swinging Strike
0-1: Ball
1-1: Called Strike
1-2: Ball
2-2: Ground out 4-3 (Groundball, 4M, EV 101.2 MPH)
Batting: RHB R.J. McCarthy 0-0: Foul Ball, location: 2F
0-1: Called Strike
0-2: DOUBLE (Groundball, 5L, EV 94.4 MPH)
Batting: LHB Donald Dworkin 0-0: Called Strike
0-1: Called Strike
0-2: Foul Ball, location: 2F
0-2: Ball
1-2: Foul Ball, location: 2F
1-2: Ball
2-2: Foul Ball, location: 2F
2-2: Ground out 6-3 (Groundball, 56, EV 94.4 MPH)
Batting: LHB Edward Schachter 0-0: Fly out, F7 (Flyball, 7, EV 95.0 MPH)
Bottom of the 1st over - 0 runs, 1 hit, 0 errors, 1 left on base; Washington 0 - Batavia 0
TOP OF THE 2ND
Washington Bats batting - Pitching for Batavia Muckdogs : RHP Stephen Reece
Batting: RHB Parker Lee 0-0: Fly out, F8 (Flyball, 8RM, EV 83.8 MPH)
Batting: SHB Josiah White 0-0: Ball
1-0: Ball
2-0: Ball
3-0: Called Strike
3-1: Base on Balls
Batting: RHB Neall Rabah 0-0: Ball
1-0: Foul Ball, location: 2F
1-1: Foul Ball, location: 2F
1-2: Ball
2-2: Foul Ball, location: 2F
2-2: Foul Ball, location: 2F
2-2: Grounds into double play, 6-4-3 (Groundball, 6, EV 88.8 MPH)
Top of the 2nd over - 0 runs, 0 hits, 0 errors, 0 left on base; Washington 0 - Batavia 0
BOTTOM OF THE 2ND
Batavia Muckdogs batting - Pitching for Washington Bats : RHP J.P. Lovins
Batting: RHB Wade Cummins 0-0: Fly out, F9 (Flyball, 9, EV 95.0 MPH)
Batting: LHB Carl Brinkley 0-0: Ground out 6-3 (Groundball, 6, EV 81.2 MPH)
Batting: RHB Julius McCurdy 0-0: Called Strike
0-1: Ball
1-1: DOUBLE (Line Drive, 9LS, EV 90.0 MPH)
Batting: RHB Destin Fransen 0-0: Fly out, F9 (Flyball, 89M, EV 94.4 MPH)
Bottom of the 2nd over - 0 runs, 1 hit, 0 errors, 1 left on base; Washington 0 - Batavia 0
TOP OF THE 3RD
Washington Bats batting - Pitching for Batavia Muckdogs : RHP Stephen Reece
Batting: RHB Louis Hockney 0-0: Called Strike
0-1: Ball
1-1: Ball
2-1: Ball
3-1: Base on Balls
Batting: LHB Evan Wilson 0-0: Called Strike
0-1: Fielders Choice at 2nd, 1-6 (Groundball, 13S, EV 73.1 MPH)
Now at SS: Willis Neil
Batting: RHB Owen Dooley 0-0: Ball
1-0: Fly out, F9 (Flyball, 9, EV 88.1 MPH)
Batting: RHB Julian Ludin 0-0: Ball
1-0: Ball
2-0: Swinging Strike
2-1: SINGLE (Groundball, 34S, EV 67.5 MPH) (infield hit)
Evan Wilson to second
Batting: LHB Joel Bell 0-0: Called Strike
0-1: Ball
1-1: Ball
2-1: Fly out, F3 (Line Drive, 34, EV 65.0 MPH)
Top of the 3rd over - 0 runs, 1 hit, 0 errors, 2 left on base; Washington 0 - Batavia 0
BOTTOM OF THE 3RD
Batavia Muckdogs batting - Pitching for Washington Bats : RHP J.P. Lovins
Batting: RHB Colby Cooper 0-0: Called Strike
0-1: Ground out 4-3 (Groundball, 34, EV 107.5 MPH)
Batting: LHB Stefan Ciolino 0-0: Called Strike
0-1: Foul Ball, location: 2F
0-2: Fly out, F7 (Flyball, 7, EV 95.6 MPH)
Batting: RHB R.J. McCarthy 0-0: Ball
1-0: Foul Ball, location: 2F
1-1: Foul Ball, location: 2F
1-2: Strikes out swinging
Bottom of the 3rd over - 0 runs, 0 hits, 0 errors, 0 left on base; Washington 0 - Batavia 0
TOP OF THE 4TH
Washington Bats batting - Pitching for Batavia Muckdogs : RHP Stephen Reece
Batting: RHB Hayden Jones 0-0: Ball
1-0: Fly out, F7 (Flyball, 78M, EV 84.4 MPH)
Batting: RHB Parker Lee 0-0: Swinging Strike
0-1: Ball
1-1: Ball
2-1: Ball
3-1: Foul Ball, location: 2F
3-2: Foul Ball, location: 2F
3-2: Ground out 1-3 (Groundball, P, EV 70.6 MPH)
Batting: SHB Josiah White 0-0: Ball
1-0: Ball
2-0: Ball
3-0: Called Strike
3-1: Ground out 4-3 (Groundball, 34, EV 81.2 MPH)
Top of the 4th over - 0 runs, 0 hits, 0 errors, 0 left on base; Washington 0 - Batavia 0
BOTTOM OF THE 4TH
Batavia Muckdogs batting - Pitching for Washington Bats : RHP J.P. Lovins
Batting: LHB Donald Dworkin 0-0: SOLO HOME RUN (Flyball, 78XD, EV 105.0 MPH), Distance : 401 ft
Batting: LHB Edward Schachter 0-0: Ball
1-0: Fly out, F8 (Flyball, 8RD, EV 98.1 MPH)
Batting: RHB Wade Cummins 0-0: Ball
1-0: Swinging Strike
1-1: Foul Ball, location: 2F
1-2: Ball
2-2: Strikes out swinging
Batting: LHB Carl Brinkley 0-0: Ball
1-0: Ball
2-0: Ball
3-0: Called Strike
3-1: Called Strike
3-2: Strikes out swinging
Bottom of the 4th over - 1 run, 1 hit, 0 errors, 0 left on base; Washington 0 - Batavia 1
TOP OF THE 5TH
Washington Bats batting - Pitching for Batavia Muckdogs : RHP Stephen Reece
Batting: RHB Neall Rabah 0-0: Ball
1-0: SINGLE (Groundball, 4MS, EV 61.9 MPH) (infield hit)
Batting: RHB Louis Hockney 0-0: Ball
1-0: Ball
2-0: DOUBLE (Line Drive, 9LM, EV 100.0 MPH)
Neall Rabah to third
Batting: LHB Evan Wilson 0-0: Called Strike
0-1: Ball
1-1: Swinging Strike
1-2: Foul Ball, location: 2F
1-2: Foul Ball, location: 2F
1-2: Fly out, F9 (Flyball, 9S, EV 78.1 MPH)
Batting: RHB Owen Dooley 0-0: Swinging Strike
0-1: Fly out, F9 (Line Drive, 9, EV 94.4 MPH)
Runner from 3rd tags up, SCORES, throw by RF
Louis Hockney to third
Batting: RHB Julian Ludin 0-0: Called Strike
0-1: Ball
1-1: Ball
2-1: Called Strike
2-2: Ball
3-2: Ground out U3 (Groundball, 23, EV 78.1 MPH)
Top of the 5th over - 1 run, 2 hits, 0 errors, 1 left on base; Washington 1 - Batavia 1
BOTTOM OF THE 5TH
Batavia Muckdogs batting - Pitching for Washington Bats : RHP J.P. Lovins
Batting: LHB Willis Neil 0-0: Ball
1-0: Ball
2-0: Swinging Strike
2-1: Swinging Strike
2-2: Ball
3-2: SINGLE (Flyball, 34D, EV 90.6 MPH)
Batting: RHB Destin Fransen 0-0: Ball
1-0: Ball
Willis Neil is caught stealing 2nd base 2-4
2-0: DOUBLE (Line Drive, 9LM, EV 101.9 MPH)
Batting: RHB Colby Cooper 0-0: Called Strike
0-1: Ground out 6-3 (Groundball, 6, EV 103.8 MPH)
Batting: LHB Stefan Ciolino 0-0: Fly out, F8 (Flyball, 89D, EV 87.5 MPH)
Bottom of the 5th over - 0 runs, 2 hits, 0 errors, 1 left on base; Washington 1 - Batavia 1
TOP OF THE 6TH
Washington Bats batting - Pitching for Batavia Muckdogs : RHP Stephen Reece
Batting: LHB Joel Bell 0-0: Called Strike
0-1: Ball
1-1: SINGLE (Line Drive, 7S, EV 87.5 MPH)
Pitching: RHP Murray Williams
Batting: RHB Hayden Jones 0-0: Ball
1-0: Foul Ball, location: 2F
1-1: Foul Ball, location: 2F
Pickoff Throw to First - Out! 1-3 CS
1-2: Ball
2-2: DOUBLE (Line Drive, 5D, EV 101.2 MPH)
Batting: RHB Parker Lee 0-0: Ball
1-0: Ball
2-0: Ball
3-0: Called Strike
3-1: SINGLE (Line Drive, 78S, EV 110.0 MPH)
Hayden Jones to third
Batting: SHB Josiah White 0-0: Called Strike
0-1: Called Strike
0-2: Ball
1-2: Strikes out swinging
Batting: RHB Neall Rabah 0-0: Called Strike
0-1: Ball
1-1: Ball
2-1: Foul Ball, location: 2F
2-2: Strikes out looking
Top of the 6th over - 0 runs, 3 hits, 0 errors, 2 left on base; Washington 1 - Batavia 1
BOTTOM OF THE 6TH
Batavia Muckdogs batting - Pitching for Washington Bats : RHP J.P. Lovins
Batting: RHB R.J. McCarthy 0-0: Ball
1-0: Called Strike
1-1: Called Strike
1-2: Strikes out looking
Batting: LHB Donald Dworkin 0-0: Called Strike
0-1: Ball
1-1: Ball
2-1: Ball
3-1: Foul Ball, location: 2F
3-2: Base on Balls
Batting: LHB Edward Schachter 0-0: Ball
1-0: Called Strike
Donald Dworkin steals 2nd, throwing error, E2
Donald Dworkin to third
1-1: DOUBLE (Groundball, 3D, EV 101.9 MPH)
Donald Dworkin scores
Batting: RHB Wade Cummins 0-0: Ball
1-0: Called Strike
1-1: DOUBLE (Flyball, 8RXD, EV 98.1 MPH)
Edward Schachter scores
Batting: LHB Carl Brinkley 0-0: Called Strike
0-1: 2-RUN HOME RUN (Flyball, 9LD, EV 92.5 MPH), Distance : 346 ft
Pitching: LHP Carson Engel
Batting: LHB Willis Neil 0-0: Ball
1-0: Fly out, F7 (Flyball, 7, EV 94.4 MPH)
Batting: RHB Destin Fransen 0-0: Ground out 6-3 (Groundball, 6, EV 91.2 MPH)
Bottom of the 6th over - 4 runs, 3 hits, 1 error, 0 left on base; Washington 1 - Batavia 5
TOP OF THE 7TH
Washington Bats batting - Pitching for Batavia Muckdogs : RHP Murray Williams
Batting: RHB Louis Hockney 0-0: Foul Ball, location: 2F
0-1: Swinging Strike
0-2: Foul Ball, location: 2F
0-2: Fly out, F8 (Line Drive, 8RD, EV 92.5 MPH)
Batting: LHB Evan Wilson 0-0: Called Strike
0-1: Ground out 2-3 (Groundball, 15S, EV 72.5 MPH)
Batting: RHB Owen Dooley 0-0: Ball
1-0: Ball
2-0: Ball
3-0: Base on Balls
Batting: RHB Julian Ludin 0-0: Swinging Strike
0-1: Ball
1-1: Ball
2-1: SINGLE (Groundball, P, EV 81.9 MPH) (infield hit)
Owen Dooley to second
Pitching: LHP Keaton Bice
Batting: LHB Joel Bell 0-0: Fielders Choice at 2nd, 6-4 (Groundball, 6, EV 81.2 MPH)
Top of the 7th over - 0 runs, 1 hit, 0 errors, 2 left on base; Washington 1 - Batavia 5
BOTTOM OF THE 7TH
Batavia Muckdogs batting - Pitching for Washington Bats : LHP Carson Engel
Batting: RHB Colby Cooper 0-0: Called Strike
0-1: Fly out, F5 (Popup, 5SF, EV 63.1 MPH)
Batting: LHB Stefan Ciolino 0-0: Ball
1-0: Ball
2-0: Ball
3-0: Base on Balls
Batting: RHB R.J. McCarthy 0-0: Ball
1-0: Fly out, F7 (Flyball, 7D, EV 108.1 MPH)
Batting: LHB Donald Dworkin 0-0: Ball
1-0: Called Strike
1-1: Called Strike
1-2: Strikes out swinging
Bottom of the 7th over - 0 runs, 0 hits, 0 errors, 1 left on base; Washington 1 - Batavia 5
TOP OF THE 8TH
Washington Bats batting - Pitching for Batavia Muckdogs : LHP Keaton Bice
Batting: RHB Hayden Jones 0-0: Foul Ball, location: 2F
0-1: Foul Ball, location: 2F
0-2: Ball
1-2: Ball
2-2: Strikes out looking
Batting: RHB Parker Lee 0-0: Ball
1-0: Ball
2-0: Ball
3-0: Base on Balls
Batting: SHB Josiah White 0-0: Called Strike
0-1: Ball
1-1: Ball
2-1: Called Strike
2-2: Ball
3-2: Strikes out swinging
Batting: RHB Neall Rabah 0-0: Called Strike
0-1: Ball
1-1: Ball
2-1: Ball
3-1: Fly out, F4 (Flyball, 34D, EV 87.5 MPH)
Top of the 8th over - 0 runs, 0 hits, 0 errors, 1 left on base; Washington 1 - Batavia 5
BOTTOM OF THE 8TH
Batavia Muckdogs batting - Pitching for Washington Bats : LHP Carson Engel
Batting: LHB Edward Schachter 0-0: Ball
1-0: Swinging Strike
1-1: Swinging Strike
1-2: Foul Ball, location: 2F
1-2: Foul Ball, location: 2F
1-2: Strikes out swinging
Batting: RHB Wade Cummins 0-0: Swinging Strike
0-1: Ball
1-1: Ball
2-1: Ball
3-1: Hit by Pitch
Batting: LHB Carl Brinkley 0-0: Called Strike
Wade Cummins is caught stealing 2nd base 2-6
0-1: Foul Ball, location: 2F
0-2: SINGLE (Groundball, 4MD, EV 110.6 MPH)
Batting: LHB Willis Neil 0-0: Ball
1-0: Ground out 5-3 (Groundball, 56S, EV 71.2 MPH)
Bottom of the 8th over - 0 runs, 1 hit, 0 errors, 1 left on base; Washington 1 - Batavia 5
TOP OF THE 9TH
Washington Bats batting - Pitching for Batavia Muckdogs : LHP Keaton Bice
Batting: RHB Louis Hockney 0-0: Ball
1-0: Foul Ball, location: 2F
1-1: Called Strike
1-2: Strikes out swinging
Batting: LHB Evan Wilson 0-0: Ball
1-0: Swinging Strike
1-1: Swinging Strike
1-2: Foul Ball, location: 2F
1-2: Ball
2-2: Foul Ball, location: 2F
2-2: Ball
3-2: Strikes out swinging
Pitching: RHP Gerald Roderick
Batting: RHB Owen Dooley 0-0: Called Strike
0-1: Foul Ball, location: 2F
0-2: Strikes out swinging
Top of the 9th over - 0 runs, 0 hits, 0 errors, 0 left on base; Washington 1 - Batavia 5
Sunday, March 31st , 2024 - OOTP Baseball 23.10 Build 110